 Dungeon Crawl Stone Soup version 0.30-a0-672-gc3a7216ad8 (webtiles) character file.

Game seed: 4756453823513959235

57 wormed the Shield-Bearer (level 4, 0/36 HPs)
             Began as a Vine Stalker Fighter on Jan 19, 2023.
             Slain by an orc warrior
             ... wielding a +0 flail
              (2 damage)
             ... on level 3 of the Dungeon.
             The game lasted 00:02:05 (1347 turns).

wormed the Shield-Bearer (Vine Stalker Fighter)     Turns: 1347, Time: 00:02:06

Health: 0/36       AC:  7    Str: 20    XL:     4   Next: 0%
Magic:  0/5        EV:  9    Int:  8    God:
Gold:   106        SH:  5    Dex: 14    Spells: 3/3 levels left

rFire   . . .      SeeInvis .    a - +0 flail
rCold   . . .      Faith    .    c - +0 buckler
rNeg    . . .      Spirit   +    b - +0 scale mail
rPois   +          Reflect  .    o - +0 helmet
rElec   .          Harm     .    (no cloak)
rCorr   .          Rampage  .    (no gloves)
Will    .....                    (no boots) Stlth
                                 (no amulet)
HPRegen 1.06/turn                l - ring of poison resistance
MPRegen 0.09/turn                (no ring)

@: mighty, berserking, very quick
A: fangs 2, regeneration 1, magic shield, antimagic bite, no potion heal 2
a: no special abilities


You were on level 3 of the Dungeon.
You visited 1 branch of the dungeon, and saw 3 of its levels.

You collected 106 gold pieces.

Inventory:

Hand Weapons
 a - a +0 flail (weapon)
Armour
 b - a +0 scale mail (worn)
 c - a +0 buckler (worn)
 o - a +0 helmet (worn)
Jewellery
 l - a ring of poison resistance (left hand)
Scrolls
 i - a scroll of silence
 j - a scroll of enchant armour {unknown}
 n - a scroll of immolation {unknown}
Potions
 f - a potion of brilliance {unknown}
 g - 2 potions of curing {unknown}
 k - a potion of mutation {unknown}
 m - a potion of magic {unknown}
 p - a potion of flight {unknown}


   Skills:
 + Level 3.0 Fighting
 * Level 2.7 Maces & Flails
 + Level 2.8 Armour
 + Level 3.0 Shields
 + Level 0.1 Spellcasting


You had 3 spell levels left.
You didn't know any spells.
Your spell library contained the following spells:

 Spells                   Type           Power      Damage    Failure   Level
 Beastly Appendage        Tmut           0%         N/A       86%         1
 Summon Small Mammal      Summ           0%         N/A       86%         1
 Wereblood                Tmut           0%         N/A       94%         2
 Call Canine Familiar     Summ           0%         N/A       99%         3
 Spider Form              Tmut/Pois      0%         N/A       99%         3
 Summon Guardian Golem    Hex/Summ       0%         N/A       99%         3


Dungeon Overview and Level Annotations

Branches:
Dungeon (3/15)

Altars:
Xom

Shops:
D:2 :


Innate Abilities, Weirdness & Mutations

You have extremely sharp teeth.
Your natural rate of healing is unusually fast.
When hurt, damage is shared between your health and your magic reserves.
Your bite disrupts and absorbs the magic of your enemies.
Potions cannot restore your health.


Message History

The orc priest hits you but does no damage.
You barely miss the orc priest. You bite the orc priest. You drain its power.
The orc priest is lightly wounded.
The orc priest hits you but does no damage.
You closely miss the orc priest. You bite the orc priest. You drain its power.
The orc priest is lightly wounded.
The orc priest hits you but does no damage.
You hit the orc warrior but do no damage.
Your bite misses the orc warrior.
The orc warrior hits you with a +0 flail.
You barely miss the orc warrior.
The orc warrior hits you with a +0 flail!
An orc comes into view. It is wielding a +0 short sword.
You feel very mighty all of a sudden.
The orc shouts!
The orc warrior hits you with a +0 flail.
You barely miss the orc warrior.
The orc warrior hits you with a +0 flail!
A rat comes into view.
The orc warrior hits you with a +0 flail!
* * * LOW HITPOINT WARNING * * *
As you read the scroll labelled JISKUCL ACAN, it crumbles to dust.
It is a scroll of identify.
i - a scroll of silence The orc warrior barely misses you.
It was a potion of berserk rage.
A red film seems to cover your vision as you go berserk!
You feel yourself moving faster!
You feel mighty! The orc warrior completely misses you.
You thump the orc warrior!
You bite the orc warrior, but do no damage.
The orc warrior is moderately wounded.
You hit the orc warrior. Your bite misses the orc warrior.
The orc warrior is heavily wounded.
The orc warrior hits you with a +0 flail!
* * * LOW HITPOINT WARNING * * *
You hit the orc warrior.
The orc warrior is heavily wounded.
The orc warrior hits you with a +0 flail.
You die...

....## ..)..
#...# # ..?. #
#r.# #
#..####..##.#
###
#.o...oo....#
#.. #o# #.#
##@##
#########.#
#...#
#.......#.#
#...#
#.####.....
#...# #.#
#..#.# #...#
#.# #..#.#
#####...#####.#
#..#.#
..............#
#..#.#
..............#
#.....
##########...##
#.##.#


You could see an orc warrior, an orc priest, an orc and a rat.

Vanquished Creatures
  A worm (D:2)
  A dart slug (D:2)
  7 bats
  6 endoplasms
  A giant cockroach (D:2)
  3 goblins
  5 hobgoblins
  3 jackals (D:2)
  2 quokkas
  11 ball pythons
  A frilled lizard (D:2)
  A kobold (D:1)
  3 rats (D:1)
45 creatures vanquished.

Notes
Turn   | Place    | Note
-------+----------+-------------------------------------------
     0 | D:1      | wormed the Vine Stalker Fighter began the quest for the
                  | Orb.
     0 | D:1      | Reached XP level 1. HP: 11/11 MP: 2/2
   114 | D:1      | Reached XP level 2. HP: 16/16 MP: 3/3
   343 | D:1      | Reached XP level 3. HP: 19/19 MP: 4/4
   648 | D:2      | Found a shimmering altar of Xom.
   895 | D:2      | Found Iphunloa's Book Emporium.
  1321 | D:3      | Gained mutation: Your natural rate of healing is unusually
                  | fast. [Vine Stalker growth]
  1321 | D:3      | Reached XP level 4. HP: 24/24 MP: 5/5
  1332 | D:3      | Noticed an orc warrior
  1346 | D:3      | HP: 1/36 [orc warrior/+0 flail (8)]
  1347 | D:3      | Slain by an orc warrior

Illustrated notes

Levels and vault maps discovered:
D:1:      heliophobic_arrival_ceremonial_halls, layout_loops_ring
D:2:      layout_basic, serial_shops, shop, basic_altar
D:3:      layout_loops_cross, chequers_decorated_corner

Skill      XL: |  1  2  3 |
---------------+----------+-----
Maces & Flails | 2 |  2.7
Shields        | 3 |  3.0
Fighting       | 3 |  3.0
Armour         | |  2.8
Spellcasting   | |  0.1

Action                   |  1- 3 |  4- 6 || total
-------------------------+-------+-------++-------
Melee: Flail             |    97 |    10 ||   107
       Bite              |    18 |     3 ||    21
  Use: Potion            |       |     2 ||     2
       Scroll            |       |     1 ||     1
Armor: Scale mail        |    55 |     3 ||    58
Dodge: Dodged            |    47 |     3 ||    50
Block: Buckler           |    29 |       ||    29

Table legend: (Time is in decaauts)
 A = Elapsed time spent in this place.
 B = Non-inter-level travel time spent in this place.
 C = Inter-level travel time spent in this place.
 D = Time resting spent in this place.
 E = Time spent auto-exploring this place.
 F = Levels seen in this place.
 G = Mean time per level.
                   A        B        C        D        E       F      G
               +--------+--------+--------+--------+--------+-----+--------+
         Total |   1379 |   1320 |     59 |      0 |   1027 |   3 |  459.7 |
       Dungeon |   1379 |   1320 |     59 |      0 |   1027 |   3 |  459.7 |
               +--------+--------+--------+--------+--------+-----+--------+

Top non-repeatable levels by time:
     D:2: 668 daAuts
     D:1: 604 daAuts
     D:3: 106 daAuts
